Map: Orbital Shipyard

Players

Metabaron - Winner!

  • Race: Protoss Protoss

BOTNick

  • Race: Terran Terran

VOD

Have the link to the VOD?

Description

Time

  • Played on: Jan. 31, 2016, 3:18 p.m.
  • Length: 13:59
Show
View Real Time Build Order
Export as new Build Order

Metabaron Protoss - Winner!

Build Orders: 1 Gate Expand 

Get SALT Encoding   

  12  0:04  Probe (Chrono Boost)  
  13  0:15  Probe (Chrono Boost)  
  14  0:21  Pylon  
  14  0:35  Probe (Chrono Boost)  
  15  0:40  Gateway  
  15  0:44  Assimilator  
  15  0:46  Probe (Chrono Boost)  
  16  0:56  Probe (Chrono Boost)  
  17  1:30  Cybernetics Core  
  17  1:39  Nexus  
  17  1:44  Assimilator  
  17  1:50  Probe (Chrono Boost)  
  18  2:00  Probe (Chrono Boost)  
  19  2:05  Pylon  
  19  2:11  Probe (Chrono Boost)  
  19  2:13  Warp Gate (Chrono Boost)  
  20  2:21  Mothership Core (Chrono Boost)  
  22  2:40  Gateway  
  22  2:41  Gateway  
  22  2:42  Probe  
  23  2:54  Probe  
  23  2:56  Probe  
  25  3:05  Probe  
  25  3:11  Robotics Facility  
  26  3:15  Probe  
  26  3:16  Probe  
  28  3:23  Pylon  
  28  3:26  Probe  
  28  3:27  Probe  
  30  3:37  Probe  
  30  3:39  Probe  
  32  3:59  Warp Prism (Chrono Boost)  
  32  4:02  Probe  
  34  4:03  Probe  
  36  4:14  Probe, Gateway  
  36  4:15  Probe, Gateway  
  36  4:16  Gateway  
  38  4:28  Adept x3  
  44  4:37  Probe  
  44  4:39  Probe  
  44  4:42  Observer (Chrono Boost)  
  47  4:50  Pylon  
  47  4:52  Pylon  
  47  4:54  Pylon  
  47  4:55  Probe  
  47  4:56  Probe  
  49  5:06  Stalker x2  
  53  5:08  Stalker  
  53  5:14  Pylon  
  55  5:18  Immortal (Chrono Boost)  
  57  6:04  Assimilator  
  57  6:08  Pylon  
  57  6:09  Assimilator  
  57  6:12  Pylon  
  57  6:22  Forge  
  57  6:23  Nexus, Stalker x6  
  69  6:26  Pylon, Forge  
  69  6:28  Pylon  
  69  6:29  Probe  
  69  6:30  Probe, Twilight Council  
  71  7:13  Sentry  
  71  7:15  Adept x5  
  81  7:18  Protoss Ground Armor Level 1, Protoss Ground Weapons Level 1  
  81  7:20  Probe  
  81  7:21  Probe  
  85  7:33  Probe  
  85  7:35  Immortal (Chrono Boost)  
  90  7:41  Blink (Chrono Boost)  
  90  7:49  Probe x2  
  90  7:50  Probe  
  93  7:53  Adept  
  93  7:54  Adept x5  
  105  8:03  Probe  
  106  8:10  Probe  
  106  8:11  Probe  
  108  8:23  Pylon  
  108  8:24  Gateway  
  108  8:25  Pylon  
  108  8:26  Gateway  
  108  8:28  Pylon  
  108  8:29  Stalker  
  108  8:30  Stalker x4  
  118  8:42  Adept  
  90  9:06  Stalker x5  
  90  9:07  Stalker  
  74  9:21  Protoss Shields Level 1 (Chrono Boost)  
  64  9:32  Stalker x4  
  64  9:33  Stalker x2  
  64  9:56  Adept x2  
  64  9:57  Adept x4  
  74  10:07  Protoss Ground Weapons Level 2 (Chrono Boost)  
  74  10:13  Probe  
  74  10:15  Probe  
  76  10:22  Assimilator  
  76  10:24  Stalker x3  
  76  10:25  Stalker x4  
  76  10:27  Immortal, Assimilator  
  94  10:44  Probe x2  
  94  10:46  Probe  
  97  10:50  Stalker x2  
  97  10:51  Stalker x4  
  109  11:01  Sentry  
  111  11:07  Observer  
  112  11:29  Robotics Bay  
  112  11:30  Robotics Facility  
  112  11:39  Gateway  
  112  11:40  Gateway  
  112  11:42  Probe, Gateway  
  112  11:44  Probe  
  112  11:46  Gateway  
  114  11:49  Pylon  
  114  12:01  Adept x6  
  118  12:02  Adept x2  
  118  12:04  Resonating Glaives (Chrono Boost)  
  130  12:27  Stalker x3  
  130  12:28  Stalker x4  
  130  12:29  Stalker  
  114  13:06  Adept x7  
  114  13:07  Adept  
  114  13:08  Adept, Disruptor  
  125  13:35  Adept x3  
  125  13:36  Adept x6  
  125  13:37  Adept  
  145  13:52  Stalker x2  
Show
View Real Time Build Order
Export as new Build Order

BOTNick Terran 

Build Orders:  

Get SALT Encoding   

  12  0:01  SCV  
  13  0:13  SCV  
  14  0:25  SCV  
  14  0:26  Supply Depot  
  15  0:36  Supply Depot  
  15  0:47  SCV  
  16  0:50  Barracks  
  16  0:59  SCV  
  17  1:05  Refinery  
  17  1:08  Refinery  
  17  1:27  SCV  
  18  1:34  Barracks  
  18  1:39  Marine  
  19  1:47  Barracks  
  19  1:53  SCV  
  20  2:02  Marine  
  20  2:06  SCV  
  22  2:19  Factory  
  22  2:22  Marine x2  
  24  2:29  SCV  
  25  2:34  Barracks Tech Lab  
  25  2:39  Barracks  
  25  2:44  Barracks Reactor  
  25  2:53  Barracks Tech Lab  
  25  2:56  Marauder  
  27  3:03  Factory Tech Lab  
  27  3:09  Orbital Command  
  27  3:18  Marauder x2  
  31  3:31  Supply Depot  
  31  3:38  Marine x2  
  33  3:44  Marauder x2  
  33  3:47  Barracks Reactor  
  37  3:53  Supply Depot  
  37  3:56  SCV  
  38  4:21  Command Center  
  38  4:32  Siege Tank  
  41  4:40  SCV  
  42  4:49  Marine x2  
  42  4:50  Marine x2  
  46  5:02  Marauder x2  
  50  5:09  Siege Tank  
  53  5:21  Combat Shields  
  53  5:27  SCV  
  51  6:04  Marine x4  
  51  6:05  Marauder x2  
  51  6:06  Siege Tank  
  62  6:12  Starport  
  62  6:24  SCV x2  
  64  6:26  Marine x4  
  64  7:14  Marine  
  64  7:15  Marine x4  
  68  7:22  Orbital Command, Siege Tank, Medivac, Marauder  
  76  7:33  Marauder  
  78  8:16  Marine x4  
  78  8:17  SCV, Siege Tank, Medivac  
  78  8:18  Marauder x2  
  92  8:20  Supply Depot  
  92  8:25  SCV  
  51  9:13  Marine x4  
  51  9:14  Marauder x2  
  51  9:15  Siege Tank, Medivac  
  41  9:51  Marine x4  
  49  9:53  Marauder x2, Siege Tank  
  49  9:54  Medivac  
  49  9:57  SCV  
  49  9:58  SCV  
  56  10:32  Command Center  
  56  10:33  Engineering Bay  
  56  10:47  Marine x4  
  56  10:48  Marauder  
  62  10:59  SCV x2  
  64  11:10  Medivac  
  66  11:13  Siege Tank  
  69  11:36  Marine  
  69  11:37  Marine x3  
  69  11:38  Marauder x2  
  77  11:40  Medivac  
  79  11:51  Orbital Command  
  79  11:56  Refinery  
  79  12:00  Refinery, SCV x2  
  81  12:09  Siege Tank  
  84  12:18  Concussive Shells  
  84  12:24  Medivac  
  86  12:32  SCV  
  86  12:33  SCV  
  86  12:34  SCV  
  89  12:44  SCV  
  89  12:45  Siege Tank  
  93  12:54  Medivac  
  53  13:13  Marine x4  
  53  13:14  Marauder x2  
  53  13:17  Siege Tank  
  54  13:40  Marine x2  
  54  13:41  Marine x2  
Tags
 
Add a new tag
Caveats
  • Supply blocks, unpowered buildings, or Contaminate may cause inaccurate times.
  • Supply counts are checked every 10 seconds.